 Dungeon Crawl Stone Soup version 0.21-a0-184-g9126a74 (webtiles) character file.

207 Goblin1989 the Ruffian (level 5, 0/42 HPs)
             Began as a Centaur Transmuter on Aug 11, 2017.
             Slain by an iguana (10 damage)
             ... on level 4 of the Dungeon.
             The game lasted 00:06:17 (3251 turns).

Goblin1989 the Ruffian (Centaur Transmuter)         Turns: 3251, Time: 00:06:18

Health: 0/42       AC:  6    Str: 13    XL:     5   Next: 54%
Magic:  7/7        EV:  7    Int: 12    God:
Gold:   153        SH:  0    Dex: 10    Spells: 6/7 levels left

rFire    . . .     SeeInvis .     - Unarmed
rCold    . . .     Gourm    .   (no shield)
rNeg     . . .     Faith    .   t - +0 scale mail
rPois    +         Spirit   .   (no helmet)
rElec    .         Reflect  .   (no cloak)
rCorr    .         Harm     .   (no gloves)
MR       .....                  (no barding)
Stlth    ..........             (no amulet)
HPRegen  0.14/turn              o - ring of poison resistance
MPRegen  0.10/turn              (no ring)

@: lethally poisoned (0 -> -1), very quick
A: hooves 3, deformed body, speed 2, tough skin 3
a: no special abilities


You were on level 4 of the Dungeon.
You were not hungry.

You visited 1 branch of the dungeon, and saw 4 of its levels.

You collected 153 gold pieces.

Inventory:

Hand Weapons
 w - a +0 blowgun {@w1}
Missiles
 a - 37 arrows
Armour
 t - a +0 scale mail (worn)
Jewellery
 o - a ring of poison resistance (left hand)
Wands
 I - a wand of iceblast (8/15)
Scrolls
 f - a scroll of noise {unknown}
 h - 7 scrolls of remove curse {unknown}
 u - 5 scrolls of identify {unknown}
 y - a scroll of amnesia {unknown}
 B - a scroll of teleportation {unknown}
 J - 2 scrolls of recharging {unknown}
 L - 3 scrolls of enchant armour {unknown}
Potions
 r - 3 potions of degeneration {unknown}
 A - a potion of haste {unknown}
Books
 c - a book of Changes

   Spells                             Type                      Level
   a - Beastly Appendage              Transmutation                1
   b - Sticks to Snakes               Transmutation                2
   c - Spider Form                    Transmutation/Poison         3
   d - Ice Form                       Ice/Transmutation            4
   e - Blade Hands                    Transmutation                5
Comestibles
 e - 3 bread rations {@e1}
 x - 2 meat rations {@e2}
 K - 2 royal jellies
 M - 4 fruits
 N - a chunk of flesh


   Skills:
 + Level 2.3 Fighting
 + Level 1.2 Armour
 + Level 2.1 Dodging
 * Level 5.0 Unarmed Combat
 - Level 1.5 Spellcasting
 - Level 1.7 Transmutations


You had 6 spell levels left.
You knew the following spells:

 Your Spells              Type           Power        Failure   Level  Hunger
a - Beastly Appendage     Tmut           #.....       54%         1    ##.....


Dungeon Overview and Level Annotations

Branches:
Dungeon (4/15)
 Temple: D:4-7

Altars:


Innate Abilities, Weirdness & Mutations

You have hooves in place of feet.
Armour fits poorly on your strangely shaped body.
You cover ground very quickly.
You have extremely tough skin. (AC +3)


Message History

The adder bites you.
You take 2 damage, and have 32/42 hp.
You barely miss the adder.
The adder is moderately wounded.
The adder bites you but does no damage. The adder barely misses you.
Your scale mail prevents you from hitting the adder.
Your kick misses the adder.
The adder is moderately wounded.
The adder barely misses you.
You miss the adder. Your kick misses the adder.
The adder is moderately wounded.
The adder bites you.
You take 1 damage, and have 32/42 hp.
You barely miss the adder.
The adder is moderately wounded.
The adder bites you.
You take 2 damage, and have 30/42 hp.
You hit the adder but do no damage.
The adder is moderately wounded.
The adder closely misses you.
You hit the adder.
The adder is heavily wounded.
The adder bites you. The adder bites you but does no damage.
You take 2 damage, and have 28/42 hp.
You closely miss the adder.
The adder is heavily wounded.
The adder bites you.
You take 1 damage, and have 27/42 hp.
Your scale mail prevents you from hitting the adder.
Your kick misses the adder.
The adder is heavily wounded.
The adder closely misses you.
You hit the adder but do no damage.
The adder is heavily wounded.
The adder bites you but does no damage.
You barely miss the adder.
The adder is heavily wounded.
The adder bites you.
You are poisoned.
The adder poisons you!
You take 1 damage, and have 26/42 hp.
You hit the adder.
The adder is heavily wounded.
You feel sick. The adder barely misses you.
You take 1 damage, and have 25/42 hp.
You are too injured to fight recklessly!
You are too injured to fight recklessly!
You are too injured to fight recklessly!
You are too injured to fight recklessly!
You are too injured to fight recklessly!
You are too injured to fight recklessly!
You are too injured to fight recklessly!
You are too injured to fight recklessly!
You are too injured to fight recklessly!
You are too injured to fight recklessly!
You are too injured to fight recklessly!
You are too injured to fight recklessly!
You are too injured to fight recklessly!
You are too injured to fight recklessly!
You are too injured to fight recklessly!
You are too injured to fight recklessly!
You are too injured to fight recklessly!
You are too injured to fight recklessly!
You are too injured to fight recklessly!
You are too injured to fight recklessly!
You are too injured to fight recklessly!
You are too injured to fight recklessly!
You are too injured to fight recklessly!
You are too injured to fight recklessly!
You are too injured to fight recklessly!
You are too injured to fight recklessly!
You are too injured to fight recklessly!
You are too injured to fight recklessly!
You are too injured to fight recklessly!
You are too injured to fight recklessly!
You punch the adder!
You kill the adder!
Your Unarmed Combat skill increases to level 5!
You hit the jackal. You kick the jackal.
You kill the jackal!
You closely miss the iguana.
You feel sick. The iguana bites you.
You take 5 damage, and have 20/42 hp.
You hit the iguana. Your punch misses the iguana.
The iguana is lightly wounded.
You hit the iguana but do no damage.
The iguana is lightly wounded.
The iguana barely misses you.
You barely miss the iguana.
The iguana is lightly wounded.
The iguana bites you!
* * * LOW HITPOINT WARNING * * *
You take 9 damage, and have 11/42 hp.
MASSIVE DAMAGE!!
You hit the iguana.
The iguana is moderately wounded.
You feel sick. The iguana barely misses you.
You take 1 damage, and have 10/42 hp.
You hit the iguana but do no damage. You kick the iguana, but do no damage.
The iguana is moderately wounded.
The iguana bites you!
You die...

.█... .... .█.███...█
..... █.. .........
.....██.. ......(..
......... ████........
........███...........
............██...████.
.....?....███.........
........█l██...██████.
..█.....█@██.█.█
█.....█...<█.█
........████.█.█
██..l...█ █.█.█
█.....(. ....█
█....... .....
......... ..███(
██.......... ...


You could see an iguana.

Vanquished Creatures
  A howler monkey (D:3)
  An orc wizard (D:3)
  Ijyb (D:3)
  5 adders
  An ooze (D:1)
  A worm (D:3)
  A dart slug (D:1)
  A leopard gecko (D:3)
  4 orcs (D:3)
  2 ball pythons
  4 bats
  2 giant cockroaches (D:2)
  14 goblins
  3 hobgoblins
  3 jackals
  5 kobolds
  A quokka (D:3)
  4 frilled lizards
  A jackal skeleton (D:4)
  4 rats
59 creatures vanquished.

Notes
Turn   | Place    | Note
-------+----------+-------------------------------------------
     0 | D:1      | Goblin1989 the Centaur Transmuter began the quest for the Orb.
     0 | D:1      | Reached XP level 1. HP: 16/16 MP: 3/3
    80 | D:1      | Reached XP level 2. HP: 18/23 MP: 4/4
   983 | D:2      | Reached XP level 3. HP: 28/28 MP: 5/5
  1046 | D:2      | Reached skill level 4 in Unarmed Combat
  2049 | D:3      | Reached XP level 4. HP: 32/35 MP: 6/6
  2436 | D:3      | Noticed Ijyb
  2459 | D:3      | Killed Ijyb
  2459 | D:3      | Reached skill level 1 in Armour
  2459 | D:3      | Reached XP level 5. HP: 41/41 MP: 7/7
  3244 | D:4      | Reached skill level 5 in Unarmed Combat
  3251 | D:4      | Slain by an iguana

Vault maps used:
D:1:      dpeg_arrival_simpleton_b, dk_noncrumbling_3, hex_large,
          minmay_small_reverse_x
D:3:      uniq_ijyb
D:4:      uniq_duvessa, uniq_natasha

Skill      XL: |  1  2  3  4  5 |
---------------+----------------+-----
Unarmed Combat | 4 5 |  5.0
Fighting       | 2 |  2.3
Armour         | 1 |  1.2
Dodging        | 2 |  2.1
Spellcasting   | |  1.5
Transmutations | |  1.7

Action                   |  1- 3 |  4- 6 || total
-------------------------+-------+-------++-------
Melee: Unarmed           |   129 |   112 ||   241
       Kick              |    16 |    18 ||    34
       Headbutt          |     1 |       ||     1
       Punch             |     2 |     1 ||     3
 Cast: Beastly Appendage |     1 |       ||     1
  Use: Potion            |       |     3 ||     3
  Eat: Chunk             |     2 |     4 ||     6
Armor: Ring mail         |    38 |    11 ||    49
       Robe              |     5 |       ||     5
       Scale mail        |       |    27 ||    27
Dodge: Dodged            |    57 |    42 ||    99

Vault maps used:
D:1:      dpeg_arrival_simpleton_b, dk_noncrumbling_3, hex_large,
          minmay_small_reverse_x
D:3:      uniq_ijyb
D:4:      uniq_duvessa, uniq_natasha
